 Dungeon Crawl Stone Soup version 0.17-a0-1650-gce8475a (webtiles) character file.

39 LilCorpsy the Sneak (level 3, -10/32 HPs)
             Began as a Naga Assassin on Aug 13, 2015.
             Mangled by Terence
             ... wielding a +0 morningstar
              (11 damage)
             ... on level 2 of the Dungeon.
             The game lasted 00:03:37 (1644 turns).

LilCorpsy the Sneak (Naga Assassin)                 Turns: 1644, Time: 00:03:37

Health: -10/32     AC:  3    Str: 13    XL:     3   Next: 47%
Magic:  0/3        EV:  9    Int: 11    God:
Gold:   68         SH:  0    Dex: 13    Spells: 0 memorised, 2 levels left

rFire  . . .     SeeInvis +     t - -3 dagger (curse)
rCold  . . .     Clarity  .     c - +0 robe
rNeg   . . .     SustAt   .     (no shield)
rPois  +         Gourm    .     (no helmet)
rElec  .         Spirit   +     d - +0 cloak
rCorr  .         Warding  .     (no gloves)
rMut   .         Stasis   .     (no barding)
MR     .....                    r - amulet of guardian spirit
Stlth  ++++......               (no ring)
                                (no ring)

@: very slow, not resistant to hostile enchantments, stealthy
A: see invisible, deformed body, poison resistance, slowness 2, slow metabolism
1, spit poison 2, AC +1
a: Spit Poison


You were on level 2 of the Dungeon.
You were not hungry.

You visited 1 branch of the dungeon, and saw 2 of its levels.

You collected 68 gold pieces.

Inventory:

Hand weapons
 a - a +2 dagger
 b - a +0 blowgun
 t - a cursed -3 dagger (weapon)
Missiles
 e - 8 poisoned needles
 f - 2 curare-tipped needles
 i - 5 needles of frenzy
Armour
 c - a +0 robe (worn)
 d - a +0 cloak (worn)
Jewellery
 r - an amulet of guardian spirit (around neck)
Potions
 k - a potion of mutation {unknown}
 l - a potion of resistance {unknown}
 p - 2 potions of curing
Comestibles
 g - 2 bread rations
 j - 2 beef jerkies


   Skills:
 - Level 2.0 Fighting
 * Level 3.1 Short Blades
 - Level 1.7 Throwing
 - Level 0.7 Dodging
 * Level 6.6 Stealth


You had 2 spell levels left.
You didn't know any spells.

Dungeon Overview and Level Annotations

Branches:
Dungeon (2/15)

Altars:
Okawaru
Ru
The Shining One

Annotations:
D:2 Terence


Innate Abilities, Weirdness & Mutations

You cannot wear boots.
Your serpentine skin is tough (AC +1).
You have supernaturally acute eyesight.
Armour fits poorly on your strangely shaped body.
Your system is resistant to poisons.
You cover ground very slowly.
You have a slow metabolism.
You can spit poison.


Message History

You closely miss Terence.
Terence is lightly wounded.
Terence hits you with a morningstar.
You hit Terence but do no damage.
Terence is lightly wounded.
Terence hits you with a morningstar.
You hit Terence but do no damage.
Terence is lightly wounded.
Terence hits you with a morningstar.
You barely miss Terence.
Terence is lightly wounded.
Terence hits you with a morningstar!
* * * LOW HITPOINT WARNING * * *
You hit Terence but do no damage.
Terence is lightly wounded.
Terence hits you but does no damage.
You hit Terence but do no damage.
Terence is lightly wounded.
Terence hits you with a morningstar!
You die...

...# #...# ###.#####.##.
#####.#####..## #.....##..##.
#.........#..####.#.#.#..###.
#####.###'###.#......(.......###.
......# #.# #.#(#####.#.#.#..##..
.# #..###.###..(.# #....†#..##..
.# #..'.._..'....######.###..##..
># #..#######......####..........
.# #..# ### #..@@....######.....#
.# ##.#######........# ##.##.# .#
#................# #.#... .##
#.#.####.#.......# #.#...
..###...# #.........#######.....
<..####.# ###...................
#..####.### #..........####.....
#..##.....# #..##.####.# ##....
#..##.###.####..##.# #.# #....


You could see Terence.

Vanquished Creatures
  3 worms (D:2)
  3 giant geckos (D:1)
  A ball python (D:1)
  A giant cockroach (D:1)
  4 goblins
  3 hobgoblins
  6 kobolds
  A quokka (D:2)
  3 bats (D:1)
  A giant newt (D:2)
  3 rats
29 creatures vanquished.

Notes
Turn   | Place    | Note
--------------------------------------------------------------
     0 | D:1      | LilCorpsy the Naga Assassin began the quest for the Orb.
     0 | D:1      | Reached XP level 1. HP: 19/19 MP: 1/1
    50 | D:1      | Reached skill level 6 in Stealth
   290 | D:1      | Reached XP level 2. HP: 26/26 MP: 2/2
   907 | D:2      | Reached XP level 3. HP: 32/32 MP: 3/3
  1027 | D:2      | Found a sacrificial altar of Ru.
  1205 | D:2      | Found a glowing golden altar of the Shining One.
  1239 | D:2      | Found an iron altar of Okawaru.
  1607 | D:2      | Noticed Terence
  1642 | D:2      | HP: 1/32 [Terence/morningstar (11)]
  1644 | D:2      | Mangled by Terence

Vault maps used:
D:1:      lordsloth_arrival_two_stooges, minmay_surrounded
D:2:      nicolae_ru_awakened_eye, lemuel_doored_altar,
          nicolae_tso_swordbearing_angel, uniq_terence

Action                   || total
-------------------------++-------
Melee: Dagger            ||    84
 Abil: Spit Poison       ||     3
  Use: Scroll            ||     5
 Stab: Sleeping          ||     8
  Eat: Meat ration       ||     1
